 Dungeon Crawl Stone Soup version 0.25-a0-700-g7f8a7979f0 (webtiles) character file.

Game seed: 7815014383437103294, levelgen mode: deterministic

51 kae the Ruffian (level 3, -1/28 HPs)
             Began as a Draconian Transmuter on Apr 2, 2020.
             Slain by an ice beast (3 damage)
             ... on level 2 of the Dungeon.
             The game lasted 00:03:36 (2477 turns).

kae the Ruffian (Draconian Transmuter)              Turns: 2477, Time: 00:03:37

Health: -1/28      AC:  5    Str: 12    XL:     3   Next: 58%
Magic:  4/6        EV: 12    Int: 14    God:
Gold:   59         SH:  0    Dex: 11    Spells: 1/7 levels left

rFire    . . .     SeeInvis .     - Unarmed
rCold    . . .     Gourm    .   (no shield)
rNeg     . . .     Faith    .   (armour unavailable)
rPois    .         Spirit   .   (helmet restricted)
rElec    .         Reflect  .   (no cloak)
rCorr    .         Harm     .   (no gloves)
MR       .....                  (no boots)
Stlth    +.........             (no amulet)
HPRegen  0.09/turn              (no ring)
MPRegen  0.10/turn              (no ring)

@: no status effects
A: unfitting armour, cold-blooded, AC +5
a: no special abilities


You were on level 2 of the Dungeon.
You were not hungry.

You visited 1 branch of the dungeon, and saw 2 of its levels.

You collected 59 gold pieces.

Inventory:

Missiles
 a - 42 arrows
Jewellery
 d - an uncursed ring of protection from magic {unknown}
Scrolls
 b - a scroll of fog {unknown}
 g - a scroll of teleportation {unknown}
Potions
 e - a potion of lignification {unknown}
 f - a potion of cancellation {unknown}
Comestibles
 c - 5 rations


   Skills:
 - Level 1.1 Fighting
 - Level 1.7 Dodging
 * Level 3.9 Unarmed Combat
 + Level 2.5 Spellcasting
 + Level 2.6 Transmutations


You had one spell level left.
You knew the following spells:

 Your Spells              Type           Power        Failure   Level  Hunger
a - Beastly Appendage     Tmut           #.....       8%          1    #......
b - Sticks to Snakes      Tmut           #.......     12%         2    ###....
c - Spider Form           Tmut/Pois      #.........   36%         3    ###....

Your spell library contained the following spells:

 Spells                   Type           Power        Failure   Level  Hunger
 Ice Form                 Ice/Tmut       #.......     78%         4    #####..
 Blade Hands              Tmut           #.........   91%         5    ######.


Dungeon Overview and Level Annotations

Branches:
Dungeon (2/15)

Altars:


Innate Abilities, Weirdness & Mutations

Your plain brown scales are hard. (AC +5)
You cannot fit into any form of body armour.
You are cold-blooded and may be slowed by cold attacks.


Message History

The ice beast is lightly wounded.
The ice beast barely misses you.
You hit the ice beast.
The ice beast is moderately wounded.
The ice beast hits you but does no damage.
You barely miss the ice beast.
The ice beast is moderately wounded.
The ice beast completely misses you.
You closely miss the ice beast.
The ice beast is moderately wounded.
The ice beast hits you. The ice beast freezes you!
* * * LOW HITPOINT WARNING * * *
You hit the ice beast but do no damage.
The ice beast is moderately wounded.
The ice beast barely misses you.
You hit the ice beast but do no damage.
The ice beast is moderately wounded.
Your transformation has ended.
The ice beast hits you.
You die...

#....).....#####.........÷.†....
#.........##....#####.######.#.
#............#### #.###......
###..<.........########.....##.##
..(..÷...................###...#
.........#..............## #.###
.........#...##.........####.##
.............##...............#
..##.#..###.## #@##.###..###..###
.. #...## #.# #Y##........#.....
........# #.# #K.#........#..#..
......#.###.#####..####.#>...###.
..#...#.......#.................<
.>##..######..#......#...........
# #..........#......#..##.......
#...........<...(.........####
#.............................


You could see an ice beast and a kobold.

Vanquished Creatures
  A gnoll (D:1)
  2 adders (D:2)
  A leopard gecko (D:2)
  2 bats
  A giant cockroach (D:1)
  2 goblins (D:1)
  4 hobgoblins
  3 jackals (D:2)
  3 frilled lizards
  5 kobolds (D:1)
  4 rats
28 creatures vanquished.

Notes
Turn   | Place    | Note
-------+----------+-------------------------------------------
     0 | D:1      | kae the Draconian Transmuter began the quest for the Orb.
     0 | D:1      | Reached XP level 1. HP: 16/16 MP: 3/3
   275 | D:1      | Reached XP level 2. HP: 23/23 MP: 3/5
  1270 | D:2      | Learned a level 2 spell: Sticks to Snakes
  1548 | D:2      | Reached XP level 3. HP: 25/28 MP: 3/6
  1681 | D:2      | Learned a level 3 spell: Spider Form
  1992 | D:2      | Noticed an ice beast
  2477 | D:2      | Slain by an ice beast

Levels and vault maps discovered:
D:1:      onia_arrival_pentagram, layout_loops_corners, item_on_display_a
D:2:      layout_rooms, tgw_xom, overflow_temple_1_default, first_ration

Action                   || total
-------------------------++-------
Melee: Unarmed           ||   119
       Tailslap          ||    15
       Headbutt          ||     4
 Cast: Beastly Appendage ||    15
       Sticks to Snakes  ||     3
       Spider Form       ||     2
  Use: Potion            ||     2
 Stab: Sleeping          ||     1
  Eat: Chunk             ||     3
       Ration            ||     1
Armor: Skin              ||    28
Dodge: Dodged            ||    65

Table legend:
 A = Non-vault XP
 B = Vault XP
 C = Vault XP percentage of total XP
 D = Non-vault monster count
 E = Vault monster count
 F = Vault count percentage of total count
                 A         B        C        D         E       F
            +---------+---------+-------+---------+---------+-------
      Total |      74 |       0 |   0.0 |      28 |       0 |   0.0
            +---------+---------+-------+---------+---------+-------
        D:1 |      35 |       0 |   0.0 |      16 |       0 |   0.0
        D:2 |      39 |       0 |   0.0 |      12 |       0 |   0.0
            +---------+---------+-------+---------+---------+-------
